 Dungeon Crawl Stone Soup version 0.28.0-45-g0d030f2227 (webtiles) character file.

Game seed: 6930429988629349325

191 Descartes the Ruffian (level 5, -1/48 HPs)
             Began as a Troll Warper on Apr 5, 2022.
             Slain by an adder (4 damage)
             ... on level 3 of the Dungeon.
             The game lasted 00:04:27 (1923 turns).

Descartes the Ruffian (Troll Warper)                Turns: 1923, Time: 00:04:27

Health: -1/48      AC:  4    Str: 19    XL:     5   Next: 41%
Magic:  5/5        EV: 10    Int: 11    God:
Gold:   139        SH:  0    Dex:  9    Spells: 6/6 levels left

rFire   . . .      SeeInvis .     - Unarmed
rCold   . . .      Faith    .   (no shield)
rNeg    . . .      Spirit   .   a - +0 robe
rPois   .          Reflect  .   (helmet restricted)
rElec   .          Harm     .   (no cloak)
rCorr   .          Rampage  .   (gloves unavailable)
Will    .....                   (boots unavailable)
Stlth   +.........              (no amulet)
HPRegen 0.96/turn               (no ring)
MPRegen 0.09/turn               (no ring)

@: no status effects
A: large, unfitting armour, claws 3, regeneration 1, shaggy fur 1, tough skin 1
a: no special abilities


You were on level 3 of the Dungeon.
You visited 1 branch of the dungeon, and saw 3 of its levels.

You collected 139 gold pieces.

Inventory:

Hand Weapons
 o - a +5 spear
Missiles
 c - 5 boomerangs of dispersal (quivered)
 h - 2 boomerangs
Armour
 a - a +0 robe (worn)
Scrolls
 b - a scroll of blinking
 d - 2 scrolls of teleportation {unknown}
 f - a scroll of fog {unknown}
 g - 3 scrolls of amnesia {unknown}
 k - 2 scrolls of identify {unknown}
 m - a scroll of enchant armour {unknown}
 n - a scroll of immolation {unknown}
Potions
 e - a potion of curing {unknown}
 i - a potion of attraction {unknown}
 j - a potion of flight {unknown}
 l - a potion of berserk rage {unknown}


   Skills:
 - Level 1.5 Fighting
 - Level 0.8 Throwing
 + Level 3.2 Dodging
 + Level 3.6 Unarmed Combat
 - Level 1.2 Spellcasting
 + Level 3.2 Translocations


You had 6 spell levels left.
You didn't know any spells.
Your spell library contained the following spells:

 Spells                   Type           Power      Damage    Failure   Level
 Blink                    Tloc           14%        N/A       13%         2
 Gell's Gravitas          Tloc           7%         N/A       26%         3
 Lesser Beckoning         Tloc           7%         N/A       26%         3
 Teleport Other           Tloc           7%         N/A       26%         3
 Beastly Appendage        Tmut           0%         N/A       32%         1
 Ensorcelled Hibernation  Hex/Ice        0%         N/A       43%         2
 Passwall                 Tmut/Erth      0%         N/A       43%         2
 Wereblood                Tmut           0%         N/A       43%         2
 Spider Form              Tmut/Pois      0%         N/A       67%         3
 Swiftness                Air            0%         N/A       67%         3
 Manifold Assault         Tloc           7%         N/A       93%         5


Dungeon Overview and Level Annotations

Branches:
Dungeon (3/15)

Altars:
Yredelemnul


Innate Abilities, Weirdness & Mutations

You are too large for most types of armour.
You have claws for hands.
Your natural rate of healing is unusually fast.
You are covered in fur. (AC +1)
You have tough skin. (AC +1)


Message History

The giant cockroach bites you but does no damage.
You feel sick.
You feel sick.
You are no longer poisoned.
There is an open door here.
The adder bites you but does no damage.
You barely miss the adder. The adder bites you but does no damage.
You barely miss the adder. The adder bites you but does no damage.
You scratch the adder but do no damage. The adder bites you.
* * * LOW HITPOINT WARNING * * *
You miss the adder. The adder bites you.
* * * LOW HITPOINT WARNING * * *
You are poisoned.
The adder poisons you! The adder closely misses you.
You miss the adder.
You feel sick. The adder closely misses you.
You closely miss the adder.
You feel sick. The adder closely misses you.
You scratch the adder.
The adder is heavily wounded.
You feel sick. The adder bites you but does no damage.
You scratch the adder.
The adder is almost dead.
You feel sick. The adder bites you.
* * * LOW HITPOINT WARNING * * *
The adder bites you.
* * * LOW HITPOINT WARNING * * *
Unknown command.
You closely miss the adder.
The adder is almost dead.
* * * LOW HITPOINT WARNING * * *
You feel sick.
You are no longer poisoned.
The adder barely misses you.
You barely miss the adder.
The adder is almost dead.
The adder barely misses you.
Unknown command.
You miss the adder.
The adder is almost dead.
The adder bites you.
You die...

#.......#.# ..#.#
#####†#.#.# ..#.#
_.#######.#.#.# #.#.###
..........).#.###...... .
..######............###.#
#....#...........#
#......oS........#
##.#######...###.#
#....@SBSo......#
##########....##.#
#.............##
#..............#
#............#.#
#............#...
#....(.......# ..#
#..^......#### >#
#.........#


You could see 2 adders, an orc and a giant cockroach.

Vanquished Creatures
  A black bear (D:3)
  4 adders
  A worm (D:2)
  A dart slug (D:1)
  2 orcs (D:3)
  3 ball pythons (D:1)
  7 endoplasms
  A giant cockroach (D:2)
  7 goblins
  6 hobgoblins
  3 jackals (D:3)
  4 quokkas
  4 bats
  2 frilled lizards
  5 kobolds
  7 rats
58 creatures vanquished.

Vanquished Creatures (others)
  3 plants (D:2)
3 creatures vanquished.

Grand Total: 61 creatures vanquished

Notes
Turn   | Place    | Note
-------+----------+-------------------------------------------
     0 | D:1      | Descartes the Troll Warper began the quest for the Orb.
     0 | D:1      | Reached XP level 1. HP: 19/19 MP: 1/1
   126 | D:1      | Reached XP level 2. HP: 27/27 MP: 2/2
   606 | D:1      | Found a faded altar of an unknown god.
   724 | D:1      | Reached XP level 3. HP: 33/33 MP: 3/3
  1250 | D:2      | Reached XP level 4. HP: 40/41 MP: 4/4
  1777 | D:3      | Noticed a black bear
  1836 | D:3      | Killed a black bear
  1837 | D:3      | Reached XP level 5. HP: 48/48 MP: 5/5
  1872 | D:3      | Found a basalt altar of Yredelemnul.
  1920 | D:3      | HP: 1/48 [adder (3)]
  1923 | D:3      | Slain by an adder

Illustrated notes

Levels and vault maps discovered:
D:1:      minmay_arrival_doors, layout_loops_corners,
          shapermc_ecumenical_altar_pompeii
D:2:      minmay_diamond_boxcup, layout_loops_ring, serial_forest,
          infiniplex_forest_end_1, infiniplex_forest_clump_large,
          infiniplex_forest_join, infiniplex_forest_clump_tiny,
          infiniplex_forest_corner_2
D:3:      layout_basic, chequers_temple_overflow_statue_of_worship,
          serial_shops, nicolae_shop_hallway_plus,
          chequers_serial_rivers_small_3, corexii_item_surrounded_by_moat

Skill      XL: |  1  2  3  4 |
---------------+-------------+-----
Dodging        | 2 3 |  3.2
Unarmed Combat | 3 |  3.6
Translocations | 3 |  3.2
Fighting       | |  1.5
Throwing       | |  0.8
Spellcasting   | |  1.2

Action                   |  1- 3 |  4- 6 || total
-------------------------+-------+-------++-------
Melee: Unarmed           |   121 |    87 ||   208
       Punch             |     2 |     2 ||     4
 Stab: Sleeping          |     4 |       ||     4
Armor: Robe              |    35 |    58 ||    93
Dodge: Dodged            |    43 |    71 ||   114
